TOP OF THE 1ST |
---|
Butler Bulldogs batting - Pitching for Texas A&M Aggies : RHP Phil Wright | Pitching: RHP Phil Wright | | Batting: RHB Bobby Coleman | 0-0: Ball 1-0: Ball 2-0: Ball 3-0: Base on Balls | Batting: LHB Bill O'Higgins | 0-0: Called Strike 0-1: Ball 1-1: Ball 2-1: Foul Ball, location: 2F 2-2: Foul Ball, location: 2F 2-2: Foul Ball, location: 2F 2-2: Fly out, F8 (Flyball, 8LD) | Batting: LHB Víctor Piña | 0-0: Ball 1-0: Ball 2-0: Foul Ball, location: 2F 2-1: Ball 3-1: Base on Balls Bobby Coleman to second | Batting: RHB Patrice Charette | 0-0: Ball 1-0: Ball 2-0: Ball 3-0: Called Strike 3-1: Base on Balls Bobby Coleman to third Víctor Piña to second | Batting: RHB Nelson Thompson | 0-0: Ball 1-0: Swinging Strike 1-1: Swinging Strike 1-2: Strikes out looking | Batting: LHB Michael Knight | 0-0: Ball 1-0: Ball 2-0: Fly out, F8 (Flyball, 8RD) | Top of the 1st over - 0 runs, 0 hits, 0 errors, 3 left on base; Butler 0 - Texas A&M 0 | BOTTOM OF THE 1ST |
---|
Texas A&M Aggies batting - Pitching for Butler Bulldogs : RHP Tom Mobley | Pitching: RHP Tom Mobley | | Batting: RHB Daniel Pineda | 0-0: Called Strike 0-1: SINGLE (Groundball, 6MD) | Batting: RHB Randy Akers | 0-0: Called Strike 0-1: Ball 1-1: Fielders Choice at 2nd, 4-6 (Groundball, 4) | Batting: RHB Júlio Hobbs | 0-0: Ball 1-0: Swinging Strike 1-1: Foul Ball, location: 2F 1-2: SINGLE (Groundball, 6MD) Randy Akers to second | Batting: RHB Arthur Wilson | 0-0: Ball 1-0: Ground out 5-3 (Groundball, 56S) Randy Akers to third Júlio Hobbs to second | Batting: RHB Anthony Graham | 0-0: Ball 1-0: Foul Ball, location: 2F 1-1: Called Strike 1-2: Strikes out swinging | Bottom of the 1st over - 0 runs, 2 hits, 0 errors, 2 left on base; Butler 0 - Texas A&M 0 | TOP OF THE 2ND |
---|
Butler Bulldogs batting - Pitching for Texas A&M Aggies : RHP Phil Wright | Batting: RHB Benjamin Monroe | 0-0: Ball 1-0: DOUBLE (Line Drive, 7LM) | Batting: LHB Michael Jones | 0-0: Foul Ball, location: 2F 0-1: Swinging Strike 0-2: Foul Ball, location: 2F 0-2: Ball 1-2: Foul Ball, location: 2F 1-2: Strikes out swinging | Batting: RHB Danny Giles | 0-0: Foul Ball, location: 2F 0-1: Called Strike 0-2: Foul Ball, location: 2F 0-2: Strikes out swinging | Batting: RHB Bobby Coleman | 0-0: Ball 1-0: Swinging Strike 1-1: Foul Ball, location: 2F 1-2: Foul Ball, location: 2F 1-2: Strikes out swinging | Top of the 2nd over - 0 runs, 1 hit, 0 errors, 1 left on base; Butler 0 - Texas A&M 0 | BOTTOM OF THE 2ND |
---|
Texas A&M Aggies batting - Pitching for Butler Bulldogs : RHP Tom Mobley | Batting: RHB Greg Marshall | 0-0: Ball 1-0: Foul Ball, location: 2F 1-1: Ball 2-1: Foul Ball, location: 2F 2-2: Ball 3-2: Fly out, F9 (Flyball, 9) | Batting: RHB Bruce Holliday | 0-0: Called Strike 0-1: Called Strike 0-2: Strikes out swinging | Batting: RHB Todd Slater | 0-0: Ground out 4-3 (Groundball, 4) | Bottom of the 2nd over - 0 runs, 0 hits, 0 errors, 0 left on base; Butler 0 - Texas A&M 0 | TOP OF THE 3RD |
---|
Butler Bulldogs batting - Pitching for Texas A&M Aggies : RHP Phil Wright | Batting: LHB Bill O'Higgins | 0-0: Ball 1-0: DOUBLE (Flyball, 78D) | Batting: LHB Víctor Piña | 0-0: Ball 1-0: Fly out, F9 (Flyball, 9LM) | Batting: RHB Patrice Charette | 0-0: Ball 1-0: Ball 2-0: 2-RUN HOME RUN (Flyball, 7D), Distance : 355 ft | Batting: RHB Nelson Thompson | 0-0: Swinging Strike 0-1: SINGLE (Line Drive, 56D) | Batting: LHB Michael Knight | 0-0: Called Strike 0-1: Foul Ball, location: 2F 0-2: Ball 1-2: Ball 2-2: Strikes out swinging | Batting: RHB Benjamin Monroe | 0-0: Called Strike 0-1: Ball 1-1: Swinging Strike 1-2: Strikes out looking | Top of the 3rd over - 2 runs, 3 hits, 0 errors, 1 left on base; Butler 2 - Texas A&M 0 | BOTTOM OF THE 3RD |
---|
Texas A&M Aggies batting - Pitching for Butler Bulldogs : RHP Tom Mobley | Batting: RHB Jack Gillespie | 0-0: Ball 1-0: Fly out, F8 (Flyball, 8RD) | Batting: RHB Daniel Pineda | 0-0: Ground out 6-3 (Groundball, 6M) | Batting: RHB Randy Akers | 0-0: Ball 1-0: Called Strike 1-1: SINGLE (Groundball, 4MD) | Batting: RHB Júlio Hobbs | 0-0: Swinging Strike 0-1: Ball Randy Akers is caught stealing 2nd base | Bottom of the 3rd over - 0 runs, 1 hit, 0 errors, 0 left on base; Butler 2 - Texas A&M 0 | TOP OF THE 4TH |
---|
Butler Bulldogs batting - Pitching for Texas A&M Aggies : RHP Phil Wright | Batting: LHB Michael Jones | 0-0: Called Strike 0-1: Swinging Strike 0-2: Ball 1-2: Foul Ball, location: 2F 1-2: Ball 2-2: Ball 3-2: Strikes out swinging | Batting: RHB Danny Giles | 0-0: Ball 1-0: Ball 2-0: Ball 3-0: Called Strike 3-1: SINGLE (Flyball, 89M) | Batting: RHB Bobby Coleman | 0-0: Fly out, F9 (Flyball, 9LS) | Batting: LHB Bill O'Higgins | 0-0: Ball 1-0: Fly out, F7 (Flyball, 7LM) | Top of the 4th over - 0 runs, 1 hit, 0 errors, 1 left on base; Butler 2 - Texas A&M 0 | BOTTOM OF THE 4TH |
---|
Texas A&M Aggies batting - Pitching for Butler Bulldogs : RHP Tom Mobley | Batting: RHB Júlio Hobbs | 0-0: Foul Ball, location: 2F 0-1: Ground out 6-3 (Groundball, 6M) | Batting: RHB Arthur Wilson | 0-0: Ball 1-0: Ball 2-0: Called Strike 2-1: Foul Ball, location: 2F 2-2: SINGLE (Groundball, 6D) | Batting: RHB Anthony Graham | 0-0: SINGLE (Flyball, 7S) Arthur Wilson to second | Batting: RHB Greg Marshall | 0-0: Called Strike 0-1: Foul Ball, location: 2F 0-2: Ball 1-2: Strikes out looking | Batting: RHB Bruce Holliday | 0-0: Swinging Strike 0-1: SINGLE (Groundball, 56D) Arthur Wilson to third Anthony Graham to second Runner from 3rd tries for Home, SAFE, no throw | Batting: RHB Todd Slater | 0-0: Called Strike 0-1: Ball 1-1: Swinging Strike 1-2: Strikes out looking | Bottom of the 4th over - 1 run, 3 hits, 0 errors, 2 left on base; Butler 2 - Texas A&M 1 | TOP OF THE 5TH |
---|
Butler Bulldogs batting - Pitching for Texas A&M Aggies : RHP Phil Wright | Batting: LHB Víctor Piña | 0-0: Ball 1-0: Called Strike 1-1: Swinging Strike 1-2: Ball 2-2: Ball 3-2: Strikes out swinging | Pitching: RHP Millard Bryant | | Batting: RHB Patrice Charette | 0-0: Fly out, F6 (Popup, 6MS) | Batting: RHB Nelson Thompson | 0-0: SINGLE (Flyball, 78M) | Batting: LHB Michael Knight | 0-0: Called Strike 0-1: Foul Ball, location: 2F 0-2: Foul Ball, location: 2F 0-2: Strikes out looking | Top of the 5th over - 0 runs, 1 hit, 0 errors, 1 left on base; Butler 2 - Texas A&M 1 | BOTTOM OF THE 5TH |
---|
Texas A&M Aggies batting - Pitching for Butler Bulldogs : RHP Tom Mobley | Batting: RHB Jack Gillespie | 0-0: Ball 1-0: Ball 2-0: Foul Ball, location: 2F 2-1: TRIPLE (Flyball, 8LXD) | Batting: RHB Daniel Pineda | 0-0: Ground out 4-3 (Groundball, 4) | Batting: RHB Randy Akers | 0-0: Ball 1-0: Ball 2-0: Called Strike 2-1: Ball 3-1: SINGLE (Line Drive, 56) Jack Gillespie scores | Batting: RHB Júlio Hobbs | 0-0: Called Strike 0-1: Ball 1-1: Called Strike 1-2: Ball Randy Akers steals 2nd base 2-2: Ball 3-2: SINGLE (Line Drive, 34D) Randy Akers to third Runner from 3rd tries for Home, SAFE, throw made home | Batting: RHB Arthur Wilson | 0-0: Swinging Strike 0-1: Ball 1-1: Ball 2-1: Ball 3-1: Foul Ball, location: 2F 3-2: Fly out, F6 (Popup, 6MS) | Batting: RHB Anthony Graham | 0-0: Called Strike 0-1: Fly out, F6 (Line Drive, 6) | Bottom of the 5th over - 2 runs, 3 hits, 0 errors, 1 left on base; Butler 2 - Texas A&M 3 | TOP OF THE 6TH |
---|
Butler Bulldogs batting - Pitching for Texas A&M Aggies : RHP Millard Bryant | Batting: RHB Benjamin Monroe | 0-0: Bunted foul 0-1: Ball 1-1: Ball 2-1: Ball 3-1: Swinging Strike 3-2: Base on Balls | Batting: LHB Michael Jones | 0-0: Ball 1-0: Swinging Strike 1-1: Fly out, F8 (Flyball, 8RM) | Batting: RHB Danny Giles | 0-0: Ball 1-0: Ball 2-0: Ball 3-0: Called Strike 3-1: Called Strike 3-2: Fly out, F5 (Line Drive, 5) Lined into DP, 5-3 (Line Drive, 5) | Top of the 6th over - 0 runs, 0 hits, 0 errors, 0 left on base; Butler 2 - Texas A&M 3 | BOTTOM OF THE 6TH |
---|
Texas A&M Aggies batting - Pitching for Butler Bulldogs : RHP Tom Mobley | Batting: RHB Greg Marshall | 0-0: Ball 1-0: Ball 2-0: Ball 3-0: Called Strike 3-1: Base on Balls | Pitching: LHP Glenn Harmon | | Batting: RHB Bruce Holliday | 0-0: Foul Ball, location: 2F 0-1: Ball 1-1: Foul Ball, location: 2F 1-2: DOUBLE (Line Drive, 3D) Greg Marshall to third | Batting: RHB Todd Slater | 0-0: Called Strike 0-1: Ball 1-1: Fly out, F4 (Flyball, 34D) | Batting: RHB Jack Gillespie | 0-0: Ball 1-0: Called Strike 1-1: Ball 2-1: Foul Ball, location: 2F 2-2: Foul Ball, location: 2F 2-2: Ball 3-2: Foul Ball, location: 2F 3-2: Strikes out swinging | Batting: RHB Daniel Pineda | 0-0: Ball 1-0: Swinging Strike 1-1: Ball 2-1: Ball 3-1: Base on Balls | Batting: RHB Randy Akers | 0-0: Ball 1-0: Called Strike 1-1: Ball 2-1: SINGLE (Groundball, 2L) (infield hit) Greg Marshall scores Bruce Holliday to third Daniel Pineda to second | Batting: RHB Júlio Hobbs | 0-0: Ball 1-0: Swinging Strike 1-1: Ball 2-1: Ball 3-1: Foul Ball, location: 2F 3-2: Foul Ball, location: 2F 3-2: Ground out 6-3 (Groundball, 6) | Bottom of the 6th over - 1 run, 2 hits, 0 errors, 3 left on base; Butler 2 - Texas A&M 4 | TOP OF THE 7TH |
---|
Butler Bulldogs batting - Pitching for Texas A&M Aggies : RHP Millard Bryant | Batting: RHB Bobby Coleman | 0-0: Ball 1-0: Fly out, F3 (Popup, 34S) | Batting: LHB Bill O'Higgins | 0-0: Foul Ball, location: 2F 0-1: Hit by Pitch | Batting: LHB Víctor Piña | 0-0: Called Strike 0-1: Ball 1-1: Ball 2-1: Called Strike 2-2: Fly out, F9 (Flyball, 89D) | Batting: RHB Patrice Charette | 0-0: Called Strike Bill O'Higgins steals 2nd base 0-1: Ball 1-1: Ball 2-1: Ball 3-1: Called Strike 3-2: Base on Balls | Batting: RHB Nelson Thompson | 0-0: Ground out 5-3 (Groundball, 56S) | Top of the 7th over - 0 runs, 0 hits, 0 errors, 2 left on base; Butler 2 - Texas A&M 4 | BOTTOM OF THE 7TH |
---|
Texas A&M Aggies batting - Pitching for Butler Bulldogs : LHP Glenn Harmon | Batting: RHB Arthur Wilson | 0-0: Called Strike 0-1: Ball 1-1: Swinging Strike 1-2: Strikes out swinging | Batting: RHB Anthony Graham | 0-0: SINGLE (Flyball, 78M) | Pitching: LHP Dan Hashbarger | | Batting: RHB Greg Marshall | 0-0: Ball 1-0: SINGLE (Groundball, 6MD) Anthony Graham to second | Batting: RHB Bruce Holliday | 0-0: Ball 1-0: Foul Ball, location: 2F 1-1: Ball 2-1: Swinging Strike 2-2: Strikes out swinging | Batting: RHB Todd Slater | 0-0: Fly out, F8 (Line Drive, 8LD) | Bottom of the 7th over - 0 runs, 2 hits, 0 errors, 2 left on base; Butler 2 - Texas A&M 4 | TOP OF THE 8TH |
---|
Butler Bulldogs batting - Pitching for Texas A&M Aggies : RHP Millard Bryant | Batting: LHB Michael Knight | 0-0: Foul Ball, location: 2F 0-1: Ball 1-1: Ball 2-1: Called Strike 2-2: Ground out 5-3 (Groundball, 5) | Batting: RHB Benjamin Monroe | 0-0: Ball 1-0: Ball 2-0: Ball 3-0: Base on Balls | Batting: LHB Michael Jones | 0-0: Swinging Strike Benjamin Monroe is caught stealing 2nd base 0-1: Fly out, F9 (Flyball, 9S) | Top of the 8th over - 0 runs, 0 hits, 0 errors, 0 left on base; Butler 2 - Texas A&M 4 | BOTTOM OF THE 8TH |
---|
Texas A&M Aggies batting - Pitching for Butler Bulldogs : LHP Dan Hashbarger | Batting: RHB Jack Gillespie | 0-0: Called Strike 0-1: Ball 1-1: Swinging Strike 1-2: Strikes out swinging | Batting: RHB Daniel Pineda | 0-0: Ball 1-0: Foul Ball, location: 2F 1-1: Ball 2-1: Called Strike 2-2: Ground out 6-3 (Groundball, 6S) | Batting: RHB Randy Akers | 0-0: Ball 1-0: Swinging Strike 1-1: Foul Ball, location: 2F 1-2: Ball 2-2: Foul Ball, location: 2F 2-2: Strikes out swinging, 2-3 out at first. | Bottom of the 8th over - 0 runs, 0 hits, 0 errors, 0 left on base; Butler 2 - Texas A&M 4 | TOP OF THE 9TH |
---|
Butler Bulldogs batting - Pitching for Texas A&M Aggies : RHP Millard Bryant | Pitching: LHP Daniel Holland | | Now at 1B: Mike Tate | | Batting: RHB Danny Giles | 0-0: Called Strike 0-1: Foul Ball, location: 2F 0-2: Strikes out swinging | Batting: RHB Bobby Coleman | 0-0: Ball 1-0: Foul Ball, location: 2F 1-1: Called Strike 1-2: Ball 2-2: Foul Ball, location: 2F 2-2: Fly out, F9 (Flyball, 89M) | Batting: LHB Bill O'Higgins | 0-0: Foul Ball, location: 2F 0-1: Called Strike 0-2: Strikes out looking | Top of the 9th over - 0 runs, 0 hits, 0 errors, 0 left on base; Butler 2 - Texas A&M 4 | |